 Dungeon Crawl Stone Soup version 0.26-a0-597-gb535b0901c (webtiles) character file.

Game seed: 17662331057245863203

228 Lanoc the Poker (level 6, -2/48 HPs)
             Began as a Merfolk Abyssal Knight on Sept 3, 2020.
             Was a Believer of Lugonu.
             Slain by Eustachio
             ... wielding a +0 rapier
              (10 damage)
             ... on level 5 of the Dungeon.
             The game lasted 00:04:03 (2277 turns).

Lanoc the Poker (Merfolk Abyssal Knight)            Turns: 2277, Time: 00:04:03

Health: -2/48      AC: -7    Str: 18    XL:     6   Next: 2%
Magic:  8/8        EV: 29    Int: 12    God:    Lugonu [**....]
Gold:   108        SH:  0    Dex: 15    Spells: 5/5 levels left

rFire    . . .     SeeInvis .   a - +1 spear (vorpal)
rCold    . . .     Faith    .   (no shield)
rNeg     . . .     Spirit   .   b - +0 leather armour
rPois    .         Reflect  .   (no helmet)
rElec    .         Harm     .   (no cloak)
rCorr    .                      (no gloves)
MR       .....                  c - +0 pair of boots
Stlth    +.........             m - amulet of the acrobat
HPRegen  0.16/turn              h - ring of flight
MPRegen  0.11/turn              k - +6 ring of strength

@: corroded, acrobat
A: change form in water, swift swim, stealthy swim
a: Depart the Abyss, Bend Space, Renounce Religion, Evoke Flight


You were on level 5 of the Dungeon.
You worshipped Lugonu.
Lugonu was pleased with you.
You visited 1 branch of the dungeon, and saw 5 of its levels.
You visited the Abyss 1 time.

You collected 108 gold pieces.

Inventory:

Hand Weapons
 a - a +1 vorpal spear (weapon)
Armour
 b - a +0 leather armour (worn)
 c - a +0 pair of boots (worn)
Jewellery
 h - a ring of flight (left hand)
 k - a +6 ring of strength (right hand)
 m - an amulet of the acrobat (around neck)
Scrolls
 e - 5 scrolls of remove curse {unknown}
 j - 4 scrolls of teleportation {unknown}
 n - a scroll of fog {unknown}
 o - a scroll of blinking {unknown}
 p - a scroll of amnesia {unknown}
Potions
 d - a potion of stabbing {unknown}
 f - 3 potions of curing {unknown}
 g - a potion of mutation {unknown}
 i - a potion of magic {unknown}
 l - a potion of heal wounds {unknown}


   Skills:
 + Level 4.1 Fighting
 * Level 5.7 Polearms
 + Level 1.7 Armour
 + Level 3.9 Dodging
 + Level 3.1 Invocations


You had 5 spell levels left.
You didn't know any spells.
Your spell library was empty.

Dungeon Overview and Level Annotations

Branches:
Dungeon (5/15)
 Temple: D:4-7

Altars:

Shops:
D:4 [

Annotations:
D:3 Purgy
D:4 Blork the orc
D:5 Eustachio


Message History

The jelly closely misses you.
You hit the jelly but do no damage.
Your hands burn!
The jelly is severely wounded.
The rat bites you. The jelly hits you.
You are splashed with acid!
* * * LOW HITPOINT WARNING * * *
Eustachio gestures wildly while chanting.
Eustachio casts a spell.
Eustachio blinks!
Eustachio mumbles some strange words.
The quasit misses you. x2; The quasit closely misses you.
Eustachio casts a spell.
Eustachio blinks!
You closely miss Eustachio. Eustachio misses you. The quasit bites you.
* * * LOW HITPOINT WARNING * * *
The quasit claws you.
* * * LOW HITPOINT WARNING * * *
The quasit claws you.
* * * LOW HITPOINT WARNING * * *
Eustachio hits you with a +0 rapier!
You die...

#.. ## #..# ..# #..##
#..# ##...#####...#
#..........#.#
##.........<..#
#............#
#...@@....##
#.5.5......#
###..........#
#.Jr.........#
##########.#..........#
#....5J....#.###.######
....########.# #.#
..### #.# #.# ..# ##.#
.#


You could see Eustachio, a jelly, an iron imp (summoned), a quasit (summoned)
and a rat (summoned).

Vanquished Creatures
  An ogre (D:5)
  A jelly (D:5)
  3 adders
  A dart slug (D:3)
  An orc (D:5)
  3 bats
  4 giant cockroaches
  14 goblins
  4 hobgoblins
  9 jackals
  A quokka (D:2)
  2 frilled lizards
  A jackal skeleton (D:4)
  6 kobolds
  2 rats
53 creatures vanquished.

Vanquished Creatures (collateral kills)
  A hobgoblin (D:4)
  A rat (D:1)
2 creatures vanquished.

Vanquished Creatures (others)
  A worker ant (D:4)
  Robin (D:4)
  A jackal (D:1)
3 creatures vanquished.

Grand Total: 58 creatures vanquished

Notes
Turn   | Place    | Note
-------+----------+-------------------------------------------
     0 | Abyss:1  | Lanoc the Merfolk Abyssal Knight began the quest for the
                  | Orb.
     0 | Abyss:1  | Reached XP level 1. HP: 18/18 MP: 2/2
    72 | Abyss:2  | Noticed a small abomination
    75 | Abyss:2  | Noticed a bone dragon
    80 | D:1      | Escaped the Abyss
   135 | D:1      | Reached XP level 2. HP: 11/24 MP: 3/3
   532 | D:2      | Reached * piety under Lugonu
   532 | D:2      | Reached skill level 1 in Armour
   532 | D:2      | Reached XP level 3. HP: 29/29 MP: 4/4
   649 | D:3      | Reached skill level 4 in Polearms
   941 | D:3      | Noticed Purgy
  1319 | D:4      | Noticed Robin
  1324 | D:4      | Reached XP level 4. HP: 37/37 MP: 5/5
  1325 | D:4      | Your ally died
  1383 | D:4      | Found Illoapri's Antique Armour Shop.
  1532 | D:3      | Reached ** piety under Lugonu
  1915 | D:4      | Noticed Blork the orc
  1925 | D:5      | Entered Level 5 of the Dungeon
  1925 | D:5      | Noticed an ogre
  1938 | D:5      | Killed an ogre
  1938 | D:5      | Reached skill level 5 in Polearms
  1938 | D:5      | Reached XP level 5. HP: 24/42 MP: 7/7
  2075 | D:5      | Reached XP level 6. HP: 29/48 MP: 8/8
  2254 | D:5      | Noticed Eustachio
  2277 | D:5      | Slain by Eustachio

Illustrated notes

Levels and vault maps discovered:
D:1:      minmay_arrival_radiant_lines, layout_basic
D:2:      layout_basic, overflow_temple_1_default, grunt_temple_overflow_open,
          uniq_jessica
D:3:      layout_loops_ring, uniq_purgy
D:4:      kennysheep_the_goblin_king, layout_basic, serial_shops,
          nicolae_shop_statue_plus, uniq_blork_the_orc, uniq_robin
D:5:      layout_rooms, minmay_checkerbox, uniq_eustachio

Skill      XL: |  1  2  3  4 |
---------------+-------------+-----
Armour         | 1 |  1.7
Dodging        | 3 |  3.9
Polearms       | 4 5 |  5.7
Fighting       | 4 |  4.1
Invocations    | 3 |  3.1

Action                   |  1- 3 |  4- 6 || total
-------------------------+-------+-------++-------
Melee: Spear             |   124 |    95 ||   219
Invok: Depart the Abyss  |     1 |       ||     1
Evoke: Wand              |     6 |     4 ||    10
 Stab: Sleeping          |     3 |     1 ||     4
Armor: Leather armour    |    41 |    10 ||    51
Dodge: Dodged            |    96 |    40 ||   136

Table legend: (Time is in decaauts)
 A = Elapsed time spent in this place.
 B = Non-inter-level travel time spent in this place.
 C = Inter-level travel time spent in this place.
 D = Time resting spent in this place.
 E = Time spent auto-exploring this place.
 F = Levels seen in this place.
 G = Mean time per level.
                   A        B        C        D        E       F      G
               +--------+--------+--------+--------+--------+-----+--------+
         Total |   2249 |   2186 |     63 |    249 |   1452 |   7 |  321.3 |
       Dungeon |   2171 |   2108 |     63 |    249 |   1437 |   5 |  434.2 |
         Abyss |     78 |     78 |      0 |      0 |     15 |   2 |   39.0 |
               +--------+--------+--------+--------+--------+-----+--------+

Top non-repeatable levels by time:
     D:3: 864 daAuts
     D:4: 442 daAuts
     D:1: 424 daAuts
     D:5: 345 daAuts
     D:2: 93 daAuts
 Abyss:2: 54 daAuts
 Abyss:1: 23 daAuts
